 Dungeon Crawl Stone Soup version 0.21-a0-286-g6fcecc0 (webtiles) character file.

62 tidbits the Ruffian (level 3, 9/29 HPs)
             Began as a Draconian Skald on Sept 25, 2017.
             Quit the game on level 3 of the Dungeon.
             The game lasted 00:03:48 (398 turns).

tidbits the Ruffian (Draconian Skald)                Turns: 398, Time: 00:03:48

Health: 9/29       AC:  6    Str: 13    XL:     3   Next: 85%
Magic:  5/6        EV: 12    Int: 14    God:
Gold:   46         SH:  0    Dex: 10    Spells: 0/6 levels left

rFire    . . .     SeeInvis .   i - +1 spear (venom)
rCold    . . .     Gourm    .   (no shield)
rNeg     . . .     Faith    .   (armour unavailable)
rPois    .         Spirit   .   (helmet restricted)
rElec    .         Reflect  .   C - +0 cloak
rCorr    .         Harm     .   (no gloves)
MR       .....                  (no boots)
Stlth    +.........             (no amulet)
HPRegen  0.09/turn              (no ring)
MPRegen  0.10/turn              (no ring)

@: no status effects
A: unfitting armour, cold-blooded, AC +5
a: no special abilities


You were on level 3 of the Dungeon.
You were not hungry.

You visited 1 branch of the dungeon, and saw 4 of its levels.

You collected 46 gold pieces.

Inventory:

Hand Weapons
 a - a +0 falchion
 d - a +0 hunting sling
 i - a +1 spear of venom (weapon)
   (You found it on level 3 of the Dungeon)
 j - a +0 hunting sling
Missiles
 g - 33 arrows
 k - 16 stones (quivered)
Armour
 C - a +0 cloak (worn)
Scrolls
 e - a scroll of magic mapping {unknown}
 f - a scroll of amnesia {unknown}
 h - a scroll of fog
Books
 b - a book of Battle

   Spells                             Type                      Level
   a - Infusion                       Charms                       1
   b - Shroud of Golubria             Charms/Translocation         2
   c - Song of Slaying                Charms                       2
   d - Spectral Weapon                Hexes/Charms                 3
   e - Regeneration                   Charms/Necromancy            3
Comestibles
 c - 2 bread rations
 l - 5 chunks of flesh


   Skills:
 - Level 2.1 Fighting
 - Level 2.0 Long Blades
 - Level 2.1 Dodging
 + Level 3.5 Unarmed Combat
 - Level 2.0 Spellcasting
 - Level 2.6 Charms


You couldn't memorise any spells.
You knew the following spells:

 Your Spells              Type           Power        Failure   Level  Hunger
g - Shroud of Golubria    Chrm/Tloc      #.........   21%         2    ###....
i - Infusion              Chrm           #...         8%          1    ##.....
r - Regeneration          Chrm/Necr      #.........   38%         3    ####...


Dungeon Overview and Level Annotations

Branches:
Dungeon (4/15)
 Temple: D:4-7

Altars:

Annotations:
D:3 tidbits's ghost, weakling DrSk


Innate Abilities, Weirdness & Mutations

Your plain brown scales are hard. (AC +5)
You cannot fit into any form of body armour.
You are cold-blooded and may be slowed by cold attacks.


Message History

Found a stone staircase leading up.
There is a stone staircase leading up here.
A scorpion comes into view.
Your skin stops crawling.
Found a scroll labeled NAR QIMPEINON.
Found a stone staircase leading down.
e - a scroll labeled NAR QIMPEINON
Found a scroll labeled QIGUFO RAREA.
You see here a scroll labeled QIGUFO RAREA.
Attack whom?
Press: ? - help, Dir - move target cursor, f - adder
Aim: an adder You reach to attack!
You barely miss the adder. You closely miss the adder.
The adder closely misses you.
Casting: Regeneration
Confirm with . or Enter, or press ? or * to list all spells.
You don't know that spell.
Casting: Regeneration
Confirm with . or Enter, or press ? or * to list all spells.
You miscast Shroud of Golubria.
You are very lightly contaminated with residual magic.
Nothing appears to happen.
The adder barely misses you. The adder closely misses you.
You hit the adder.
The adder is poisoned.
The adder is moderately wounded.
The adder bites you.
You are poisoned.
The adder poisons you!
You miss the adder.
The adder is moderately wounded.
You feel sick. The adder bites you but does no damage.
You closely miss the adder.
The adder is moderately wounded.
The adder barely misses you. x2
You hit the adder.
The adder looks as sick as possible!
Your tail-slap misses the adder.
The adder is severely wounded.
You feel sick. The adder bites you but does no damage.
You hit the adder.
The adder looks as sick as possible!
The adder is almost dead.
The adder barely misses you. The adder bites you but does no damage.
You barely miss the adder.
The adder is almost dead.
You kill the adder!
You feel sick.
You see here an adder corpse.
You butcher the adder corpse.
l - 5 chunks of flesh (gained 2)
f - a scroll labeled QIGUFO RAREA You feel sick.
Found a stone staircase leading up. 3 orcs and an orc wizard come into view.
The orc wizard shouts!
The orc shouts! x2
The orc moves out of view.
You hear a shout!
Found 2 meat rations.
An orc comes into view. It is wielding a mace.
You feel sick.
You barely miss the orc. You tail-slap the orc.
The orc is heavily wounded.
The orc closely misses you.
You feel sick.
You are no longer poisoned.
You hit the orc but do no damage.
The orc is poisoned.
The orc is heavily wounded.
The orc hits you but does no damage.
You kill the orc!
Your magical contamination has completely faded away.
Attack whom?
Press: ? - help, Dir - move target cursor, f - orc
Aim: an orc, wearing a scale mail You reach to attack!
You hit the orc but do no damage.
The orc is poisoned.
You hit the orc but do no damage.
The orc is lightly wounded.
The orc barely misses you.
You kill the orc!
There is a stone staircase leading up here.
You climb upwards.
Level annotation: tidbits's ghost, weakling DrSk The orc priest shouts!
An orc comes into view. It is wielding a mace.
You hear a shout!
The orc shouts!
You hear a shout!
An orc comes into view. It is wielding a morningstar.
There is a stone staircase leading down here.
The orc throws a tomahawk.
The tomahawk closely misses you.
You climb downwards.
The orc hits you with a mace.
* * * LOW HITPOINT WARNING * * *
There is a stone staircase leading up here.
The orc closely misses you.
A scorpion comes into view.
The orc wizard gestures wildly while chanting.
The orc wizard flickers and vanishes!
Deactivating autopickup; reactivate with Ctrl-A.
There is a stone staircase leading up here.
The orc barely misses you. The scorpion stings you.
* * * LOW HITPOINT WARNING * * *
You climb upwards.
Level annotation: tidbits's ghost, weakling DrSk Tidbits's ghost turns its malevolent gaze towards you.
There is a stone staircase leading down here.
Are you sure you want to abandon this character and quit the game? (Confirm with "yes".)

#..................
#...........#######
#.....####..#
#...........##
........#####..######
..g..########.........#
................#######
##.## ####...##.W# #.
...$.......@#
...........os....#
...$.###########.#
..... .... ... ###


You could see a scorpion, tidbits's ghost and an orc.

Vanquished Creatures
  Terence (D:3)
  2 adders
  6 orcs
  A goblin (D:3)
  A hobgoblin (D:3)
  A bat (D:2)
  A frilled lizard (D:3)
  A rat (D:2)
14 creatures vanquished.

Notes
Turn   | Place    | Note
-------+----------+-------------------------------------------
     0 | D:1      | tidbits the Draconian Skald began the quest for the Orb.
     0 | D:1      | Reached XP level 1. HP: 17/17 MP: 3/3
    90 | D:2      | Reached skill level 1 in Unarmed Combat
    90 | D:2      | Reached XP level 2. HP: 13/24 MP: 0/5
    94 | D:2      | Learned a level 2 spell: Shroud of Golubria
   210 | D:3      | Noticed Terence
   249 | D:3      | Killed Terence
   249 | D:3      | Reached skill level 3 in Unarmed Combat
   249 | D:3      | Reached XP level 3. HP: 15/29 MP: 4/6
   331 | D:3      | Learned a level 3 spell: Regeneration
   334 | D:3      | Noticed tidbits's ghost (weakling DrSk)
   341 | D:4      | Noticed a scorpion
   393 | D:4      | Noticed a scorpion
   398 | D:3      | Quit the game

Vault maps used:
D:1:      matt_arrival_los_fun
D:2:      nemelex_altar_shiori, uniq_robin
D:3:      tso_oasis_becter, lightli_temple_of_fire, okawaru_metal_pillars_3,
          minmay_randomly_rotated_circles, uniq_crazy_yiuf_cottage, uniq_terence
D:4:      corexii_shack_village, old_standard_altar, first_bread

Skill      XL: |  1  2 |
---------------+-------+-----
Unarmed Combat | 1 3 |  3.5
Fighting       | |  2.1
Long Blades    | |  2.0
Dodging        | |  2.1
Spellcasting   | |  2.0
Charms         | |  2.6

Action                   || total
-------------------------++-------
Melee: Falchion          ||    11
       Spear             ||    35
       Tailslap          ||     2
       Punch             ||     2
 Cast: Infusion          ||     4
       Regeneration      ||     1
       Shroud of Golubri ||     1
  Use: Scroll            ||     3
Armor: Skin              ||    10
Dodge: Dodged            ||    34
       Rpst.: Falchion   ||     2

Table legend:
 A = Spawn XP
 B = Non-spawn XP
 C = Spawn XP percentage of total XP
 D = Spawn monster count
 E = Non-spawn monster count
 F = Spawn count percentage of total count
 G = Total turns spent on level
                    A         B        C        D         E        F      G
               +---------+---------+-------+---------+---------+-------+---------
         Total |       0 |      89 |   0.0 |       0 |      14 |   0.0 |   398
               +---------+---------+-------+---------+---------+-------+---------
           D:2 |       0 |      15 |   0.0 |       0 |       3 |   0.0 |    79
           D:3 |       0 |      55 |   0.0 |       0 |       8 |   0.0 |   180
           D:4 |       0 |      19 |   0.0 |       0 |       3 |   0.0 |    55
               +---------+---------+-------+---------+---------+-------+---------

Table legend:
 A = Turns spent in this place as a percentage of turns spent in the entire game.
 B = Non-inter-level travel turns spent in this place as a percentage of non-inter-level travel turns spent in the entire game.
 C = Inter-level travel turns spent in this place as a percentage of turns spent in this place.
 D = Turns resting spent in this place as a percentage of non-inter-level travel turns spent in this place.
 E = Turns spent auto-exploring this place as a percentage of non-inter-level travel turns spent in this place.
 F = Non-inter-level travel turns spent in this place divided by the number of levels of this place that you've seen.
                   A       B       C       D       E      F
               +-------+-------+-------+-------+-------+----------------------
         Total | 100.0 | 100.0 |   0.0 |   0.0 |   0.0 |  99.5
       Dungeon | 100.0 | 100.0 |   0.0 |   0.0 |   0.0 |  99.5
               +-------+-------+-------+-------+-------+----------------------

Table legend:
 A = Kills in this place as a percentage of kills in entire the game.
 B = Kills by you in this place as a percentage of kills by you in the entire game.
 C = Kills by friends in this place as a percentage of kills by friends in the entire game.
 D = Other kills in this place as a percentage of other kills in the entire game.
 E = Experience gained in this place as a percentage of experience gained in the entire game.
 F = Experience gained in this place divided by the number of levels of this place that you have seen.
                   A       B       C       D       E      F
               +-------+-------+-------+-------+-------+----------------------
         Total | 100.0 | 100.0 |   N/A |   N/A | 100.0 |  22.2
       Dungeon | 100.0 | 100.0 |   N/A |   N/A | 100.0 |  22.2
               +-------+-------+-------+-------+-------+----------------------

Vault maps used:
D:1:      matt_arrival_los_fun
D:2:      nemelex_altar_shiori, uniq_robin
D:3:      tso_oasis_becter, lightli_temple_of_fire, okawaru_metal_pillars_3,
          minmay_randomly_rotated_circles, uniq_crazy_yiuf_cottage, uniq_terence
D:4:      corexii_shack_village, old_standard_altar, first_bread
